 Dungeon Crawl Stone Soup version 0.22-b1-26-g9dbaab1 (webtiles) character file.

2912 MTVSty1e the Cleaver (level 9, -7/51 HPs)
             Began as a Gargoyle Fighter on Aug 8, 2018.
             Was a Believer of Okawaru.
             Mangled by a two-headed ogre
             ... wielding a +0 giant club
              (15 damage)
             ... on level 8 of the Dungeon.
             The game lasted 00:09:07 (6162 turns).

MTVSty1e the Cleaver (Gargoyle Fighter)             Turns: 6162, Time: 00:09:08

Health: -7/51      AC: 21    Str: 25    XL:     9   Next: 78%
Magic:  9/9        EV:  4    Int:  9    God:    Okawaru [**....]
Gold:   443        SH:  9    Dex:  9    Spells: 8/8 levels left

rFire    . . .     SeeInvis .   a - +0 war axe
rCold    . . .     Gourm    .   c - +0 shield
rNeg     + . .     Faith    .   g - +0 plate armour
rPois    ∞         Spirit   .   (no helmet)
rElec    +         Reflect  .   (no cloak)
rCorr    .         Harm     .   r - +2 pair of gloves
MR       .....                  (no boots)
Stlth    ..........             (no amulet)
HPRegen  0.17/turn              q - +2 ring of strength
MPRegen  0.11/turn              (no ring)

@: hasted, very quick
A: negative energy resistance 1, electricity resistance, unbreathing,
petrification resistance, rot immunity, AC +6
a: Heroism, Renounce Religion


You were on level 8 of the Dungeon.
You worshipped Okawaru.
Okawaru was pleased with you.
You were not hungry.

You visited 2 branches of the dungeon, and saw 9 of its levels.

You collected 443 gold pieces.

Inventory:

Hand Weapons
 a - a +0 war axe (weapon)
Armour
 b - a +0 scale mail
 c - a +0 shield (worn)
 g - a +0 plate armour (worn)
 r - a +2 pair of gloves (worn)
Jewellery
 q - a +2 ring of strength (left hand)
 y - an uncursed amulet of the gourmand
Scrolls
 l - 4 scrolls of identify
 m - 2 scrolls of enchant armour {unknown}
 o - 2 scrolls of remove curse
 p - 3 scrolls of teleportation {unknown}
 t - a scroll of magic mapping {unknown}
 u - a scroll of enchant weapon {unknown}
Potions
 h - a potion of cancellation
 j - a potion of ambrosia
 k - 3 potions of lignification
 n - 5 potions of curing
 s - 2 potions of magic
 v - a potion of agility
 w - a potion of mutation
 z - a potion of resistance
 A - a potion of invisibility
Comestibles
 f - 5 rations


   Skills:
 + Level 3.3 Fighting
 * Level 11.9 Axes
 + Level 3.3 Armour
 + Level 3.3 Shields


You had 8 spell levels left.
You didn't know any spells.
Your spell library contained the following spells:

 Spells                   Type           Power        Failure   Level  Hunger
 Lightning Bolt           Conj/Air       #.........   100%        5    ######.
 Confuse                  Hex            #.......     100%        3    ####...
 Shock                    Conj/Air       #...         100%        1    ##.....
 Swiftness                Chrm/Air       #.......     100%        2    ###....
 Spider Form              Tmut/Pois      #.........   100%        3    ####...
 Blade Hands              Tmut           #.........   100%        5    ######.
 Ice Form                 Ice/Tmut       #.......     100%        4    #####..
 Airstrike                Air            #.........   100%        4    #####..
 Confusing Touch          Hex            #.....       100%        1    ##.....
 Sticks to Snakes         Tmut           #.......     100%        2    ###....
 Metabolic Englaciation   Hex/Ice        #.........   100%        5    ######.
 Static Discharge         Conj/Air       #.......     100%        3    ####...
 Petrify                  Tmut/Erth      #.......     100%        4    #####..
 Beastly Appendage        Tmut           #.....       100%        1    ##.....
 Gell's Gravitas          Tloc           #.........   100%        3    ####...
 Yara's Violent Unravell  Hex/Tmut       #.........   100%        5    ######.


Dungeon Overview and Level Annotations

Branches:
Dungeon (8/15)             Temple (1/1) D:5
   Lair: D:8-11

Altars:
Ashenzari
Cheibriados
Dithmenos
Elyvilon
Gozag
Hepliaklqana
Kikubaaqudgha
Makhleb
Nemelex Xobeh
Okawaru
Qazlal
Ru
Sif Muna
Trog
Uskayaw
Vehumet
Wu Jian
Xom
Yredelemnul
The Shining One

Shops:
D:4 *

Annotations:
D:3 3 runed doors, goulibeur's ghost, amateur DsAK


Innate Abilities, Weirdness & Mutations

You are resistant to torment.
Your stone body is resilient. (AC +6)
You are immune to poison.
You resist negative energy. (rN+)
You are resistant to electric shocks. (rElec)
You can survive without breathing.
You are immune to petrification.
You are immune to rotting.


Message History

There is a stone staircase leading up here.
You slice the two-headed ogre!!
The two-headed ogre is moderately wounded.
The two-headed ogre hits you but does no damage.
You block the two-headed ogre's attack.
Your shield and plate armour prevent you from hitting the two-headed ogre.
The two-headed ogre is moderately wounded.
The two-headed ogre hits you but does no damage.
The two-headed ogre hits you with a giant spiked club!
You are too injured to fight recklessly!
Your plate armour prevents you from hitting the two-headed ogre.
The two-headed ogre is moderately wounded.
The two-headed ogre hits you with a giant club!
* * * LOW HITPOINT WARNING * * *
The two-headed ogre hits you but does no damage.
You slash the two-headed ogre!
The two-headed ogre is heavily wounded.
You feel yourself speed up. You block the two-headed ogre's attack.
The two-headed ogre hits you with a giant spiked club!
You die...

... .. #+ ##+#
.# # .##.
#..##.##.##
....
+.........+ #..
#......... #...
#.)...#
#...##.[O..##
###.....)@....+
....$.........#
......##.....##
..#... #######
###


You could see a two-headed ogre.

Vanquished Creatures
  A two-headed ogre (D:8)
  Psyche (D:8)
  A wyvern (D:6)
  Eustachio (D:5)
  An ice beast (D:6)
  A centaur (D:5)
  4 ogres
  A bullfrog (D:7)
  A scorpion (D:8)
  3 killer bees (D:6)
  A howler monkey (D:6)
  2 crimson imps
  3 orc priests
  A bullfrog skeleton (D:4)
  A centaur skeleton (D:4)
  6 orc wizards
  6 iguanas
  6 worker ants
  A worker ant zombie (D:7)
  3 gnolls (D:4)
  9 adders
  An ooze (D:2)
  2 adder zombies
  2 adder skeletons
  6 worms
  4 dart slugs
  3 leopard geckos
  20 orcs
  A ball python (D:2)
  9 giant cockroaches
  5 goblins
  8 hobgoblins
  7 jackals
  7 quokkas
  7 bats
  7 frilled lizards
  8 kobolds
  A quokka skeleton (D:6)
  5 rats
157 creatures vanquished.

Notes
Turn   | Place    | Note
-------+----------+-------------------------------------------
     0 | D:1      | MTVSty1e the Gargoyle Fighter began the quest for the Orb.
     0 | D:1      | Reached XP level 1. HP: 14/14 MP: 1/1
    53 | D:1      | Reached skill level 2 in Axes
   193 | D:1      | Reached XP level 2. HP: 13/19 MP: 2/2
   680 | D:2      | Reached skill level 3 in Axes
   680 | D:2      | Reached XP level 3. HP: 23/23 MP: 3/3
  1151 | D:2      | Reached XP level 4. HP: 24/28 MP: 4/4
  1433 | D:2      | Reached skill level 4 in Axes
  1732 | D:3      | Found a runed gate.
  1732 | D:3      | Found a runed gate.
  1732 | D:3      | Found a runed gate.
  1830 | D:3      | Reached XP level 5. HP: 32/32 MP: 5/5
  1904 | D:3      | Reached skill level 5 in Axes
  2451 | D:3      | Reached XP level 6. HP: 26/37 MP: 6/6
  2609 | D:3      | Noticed goulibeur's ghost (amateur DsAK)
  2881 | D:4      | Reached skill level 6 in Axes
  3164 | D:4      | Found Nidghiwk's Assorted Antiques.
  3170 | D:4      | Reached XP level 7. HP: 40/41 MP: 7/7
  3255 | D:4      | Reached skill level 7 in Axes
  3574 | D:4      | Found a snail-covered altar of Cheibriados.
  3574 | D:4      | Found an opulent altar of Gozag.
  3629 | D:5      | Entered Level 5 of the Dungeon
  3672 | D:5      | Noticed Eustachio
  3691 | D:5      | Killed Eustachio
  3897 | D:5      | Reached skill level 8 in Axes
  3927 | D:5      | Reached XP level 8. HP: 43/46 MP: 8/8
  4394 | D:5      | Found a staircase to the Ecumenical Temple.
  4410 | Temple   | Entered the Ecumenical Temple
  4507 | Temple   | Became a worshipper of Warmaster Okawaru
  4744 | D:6      | Reached skill level 9 in Axes
  4969 | D:6      | Reached * piety under Okawaru
  5195 | D:6      | Reached skill level 10 in Axes
  5360 | D:6      | Noticed a wyvern
  5365 | D:6      | Killed a wyvern
  5365 | D:6      | Reached XP level 9. HP: 44/51 MP: 9/9
  5759 | D:7      | Found an ancient bone altar of Kikubaaqudgha.
  5881 | D:7      | Noticed a two-headed ogre
  5898 | D:8      | Noticed Psyche
  5899 | D:8      | Noticed a two-headed ogre
  5920 | D:8      | Killed Psyche
  5920 | D:8      | Reached ** piety under Okawaru
  5920 | D:8      | Reached skill level 11 in Axes
  5921 | D:8      | Killed a two-headed ogre
  6162 | D:8      | Mangled by a two-headed ogre

Skill      XL: |  1  2  3  4  5  6  7  8  9 |
---------------+----------------------------+-----
Axes           | 2 3 4 5 6 8 10 11 | 11.9
Fighting       | |  3.3
Armour         | |  3.3
Shields        | |  3.3

Action                   |  1- 3 |  4- 6 |  7- 9 || total
-------------------------+-------+-------+-------++-------
Melee: War axe           |   137 |   233 |   322 ||   692
  Use: Scroll            |     1 |       |    12 ||    13
       Potion            |       |       |     5 ||     5
 Stab: Invisible         |       |       |     1 ||     1
  Eat: Chunk             |     1 |     1 |     4 ||     6
       Ration            |       |     2 |     2 ||     4
Armor: Scale mail        |     5 |       |       ||     5
       Plate armour      |    70 |   171 |   246 ||   487
Dodge: Dodged            |    13 |    30 |    66 ||   109
Block: Shield            |    69 |   128 |   183 ||   380
